 Dungeon Crawl Stone Soup version 0.28-a0-1227-ga9037bb4c8 (webtiles) character file.

Game seed: 8358303340845647446

15869 bearlyready the Fighter (level 12, -4/91 HPs)
             Began as a Djinni Fire Elementalist on Dec 23, 2021.
             Was an Elder of Makhleb.
             Slain by a white ugly thing (46 damage)
             ... on level 12 of the Dungeon.
             The game lasted 00:23:02 (16447 turns).

bearlyready the Fighter (Djinni Fire Elementalist) Turns: 16447, Time: 00:23:03

Health: -4/91      AC:  8    Str:  5    XL:     12   Next: 63%
Gold:   1480       EV: 15    Int: 25    God:    Makhleb [****..] SH: 19 Dex: 27

rFire   + + .      SeeInvis .   D - +12 war axe of the Warrior {vorpal, rPois rCorr Str-2 Int+4}
rCold   x . .      Faith    .   S - +0 kite shield {rN+}
rNeg    + + .      Spirit   .   W - +2 robe {rN+}
rPois   ∞          Reflect  +   d - +0 helmet
rElec   .          Harm     .   (no cloak)
rCorr   +          Rampage  .   n - +2 pair of gloves
Will    +....                   (boots unavailable)
Stlth   +++.......              w - amulet of reflection
HPRegen 0.25/turn               Y - +6 ring of dexterity
MPRegen 0.00/turn               T - +6 ring of dexterity

@: flying
A: sickness immunity, fire resistance 2, cold vulnerability 1, float, innate
caster, hp casting, extra vitality 1
a: Renounce Religion, Minor Destruction, Lesser Servant of Makhleb, Major
Destruction


You were on level 12 of the Dungeon.
You worshipped Makhleb.
Makhleb was greatly pleased with you.
You visited 3 branches of the dungeon, and saw 14 of its levels.
You also visited: Bailey.

You collected 1480 gold pieces.

Inventory:

Hand Weapons
 D - the +12 war axe of the Warrior (weapon) {vorpal, rPois rCorr Str-2 Int+4}
   (You found it on level 7 of the Dungeon)

   It inflicts extra damage upon your enemies.
   Str:       It affects your strength (-2).
   Int:       It affects your intelligence (+4).
   rPois:     It protects you from poison.
   rCorr:     It protects you from acid and corrosion.
 G - a +4 hunting sling of freezing
 J - a +4 demon trident
Missiles
 b - 372 stones
 h - 75 sling bullets
 F - 24 poisoned darts
 H - 4 javelins
 I - 7 throwing nets
 U - 6 silver boomerangs
 X - 3 boomerangs
Armour
 d - a +0 helmet (worn)
 n - a +2 pair of gloves (worn)
 t - +0 acid dragon scales
 R - +0 swamp dragon scales
 S - a +0 kite shield of positive energy (worn)
 W - a +2 robe of positive energy (worn)
Magical Staves
 m - a staff of conjuration
Jewellery
 g - a ring of positive energy
 s - a +6 ring of strength
 w - an amulet of reflection (around neck)
 y - a ring of protection from fire
 T - a +6 ring of dexterity (right hand)
 Y - a +6 ring of dexterity (left hand)
Wands
 c - a wand of flame (10)
 p - a wand of iceblast (5)
 v - a wand of digging (3)
 P - a wand of mindburst (14)
 V - a wand of polymorph (4)
Scrolls
 a - a scroll of brand weapon
 f - a scroll of holy word
 j - a scroll of fear {unknown}
 o - 2 scrolls of teleportation {unknown}
 q - 2 scrolls of enchant armour
 z - a scroll of immolation {unknown}
 A - a scroll of noise {unknown}
 B - a scroll of fog {unknown}
 N - a scroll of silence {unknown}
 O - 3 scrolls of vulnerability
 Q - a scroll of summoning {unknown}
 Z - 3 scrolls of blinking
Potions
 e - a potion of berserk rage {unknown}
 i - 2 potions of ambrosia
 k - 4 potions of attraction
 l - 6 potions of heal wounds
 r - 2 potions of mutation
 u - 3 potions of curing
 x - a potion of lignification {unknown}
 C - a potion of resistance {unknown}
 E - 5 potions of degeneration {unknown}
 K - a potion of magic {unknown}
 L - a potion of might {unknown}
 M - 3 potions of flight {unknown}


   Skills:
 + Level 9.9 Fighting
 - Level 5.0 Axes
 + Level 5.1 Dodging
 - Level 1.5 Stealth
 + Level 9.5 Shields
 + Level 9.8 Spellcasting
 - Level 0.5 Invocations


You had 3 spell levels left.
You knew the following spells:

 Your Spells              Type           Power      Damage    Failure   Level
a - Foxfire               Conj/Fire      100%       2x1d9     1%          1
b - Scorch                Fire           100%       2d10      1%          2
c - Summon Ice Beast      Ice/Summ       57%        N/A       1%          4
d - Flame Wave            Conj/Fire      57%        2d9       1%          4
e - Inner Flame           Hex/Fire       57%        N/A       1%          3
f - Sting                 Tmut/Pois      100%       1d8       1%          1
g - Call Imp              Summ           57%        N/A       1%          2
h - Poisonous Vapours     Pois/Air       100%       N/A       1%          2
i - Conjure Flame         Conj/Fire      57%        6-21      1%          3
j - Irradiate             Conj/Tmut      28%        3d22      4%          5
Your spell library was empty.

Dungeon Overview and Level Annotations

Branches:
Dungeon (12/15)            Temple (1/1) D:6            Lair (0/6) D:9
    Orc (1/2) D:10         Bailey (visited)

Altars:
Ashenzari
Cheibriados
Dithmenos
Elyvilon
Fedhas
Gozag
Hepliaklqana
Kikubaaqudgha
Makhleb
Nemelex Xobeh
Okawaru
Qazlal
Ru
Sif Muna
Trog
Uskayaw
Vehumet
Wu Jian
Xom
Yredelemnul
Zin
The Shining One

Shops:
D:5 (   D:8 =

Annotations:
D:7 exclusion: oklob plant


Innate Abilities, Weirdness & Mutations

You are immune to sickness and miasma.
You are immune to poison.
Your flesh is very heat resistant. (rF++)
You are vulnerable to cold. (rC-)
You float through the air rather than walking.
You learn spells naturally, not from books.
Your magical power is your life essence.
You have superior vitality. (+4 MHP)


Message History

Casting: Scorch (safe; 1% risk of failure)
Confirm with . or Enter, or press ? or * to list all spells.
Okay, then.
Unknown command.
Search for what [Enter for "stave", or ? for help]? staff
There is an open door here.
You see here a staff of conjuration.
Drop what? 52/52 slots (_ for help) (? for menu, Esc to quit)
You drop the +1 helmet of Xioq {rElec rPois Str-5}.
You see here a staff of conjuration.
m - a staff of conjuration
There is an open door here.
As you open the door, it creaks loudly!
There is an open door here.
There is an open door here.
A white ugly thing comes into view.
A white ugly thing is nearby!
A white ugly thing is nearby!
The white ugly thing gurgles horribly!
You barely miss the white ugly thing.
You block the white ugly thing's attack.
You barely miss the white ugly thing.
You block the white ugly thing's attack.
You slice the white ugly thing!!
The white ugly thing is moderately wounded.
You block the white ugly thing's attack. x2
You hit the white ugly thing.
The white ugly thing is heavily wounded.
You block the white ugly thing's attack.
You hit the white ugly thing but do no damage.
The white ugly thing is moderately wounded.
The white ugly thing headbutts you. The white ugly thing freezes you!!!
You feel a terrible chill!
Ouch! That really hurt!
You hit the white ugly thing.
The white ugly thing is heavily wounded.
The white ugly thing headbutts you. The white ugly thing freezes you!!!
You feel a terrible chill!
Ouch! That really hurt!
You die...

#....# #...# #....#
#...# #....####...#
#...........#
#...........#
#...........#
#...........##########
#....@u......<........
#..................###
#..########........# #
#..########........###
#.....................
#.....................
#...........#####'####
#..######...#........#
#..# #...#........#


You could see a white ugly thing.

Vanquished Creatures
  5 two-headed ogres
  Urug (D:11)
  Pikel (D:5)
  A wizard (D:12)
  A deep elf pyromancer (D:12)
  A manticore (D:12)
  3 centaur zombies (D:10)
  2 unseen horrors
  Maggie (D:9)
  Psyche (D:9)
  2 trolls
  A hornet (D:9)
  Prince Ribbit (D:8)
  A vampire (D:11)
  A shadow (D:11)
  5 yaks
  A steam dragon (D:6)
  2 vampire mosquitoes (D:11)
  3 wargs (D:10)
  2 acid dragons
  A water moccasin (D:7)
  4 orc warriors (D:10)
  2 black bears
  4 sky beasts
  6 centaurs
  3 lemures
  Blork the orc (D:6)
  4 kobold brigands
  8 gnoll sergeants
  A scorpion (D:6)
  A wyvern skeleton (D:7)
  A water moccasin zombie (D:5)
  8 wights
  5 howler monkeys
  3 bullfrog zombies
  5 hounds
  7 gnoll shamans
  5 orc priests
  8 jellies
  A centaur skeleton (D:7)
  2 iguanas
  Terence (D:2)
  6 orc wizards
  A killer bee zombie (D:5)
  A hound skeleton (D:4)
  A howler monkey zombie (D:6)
  24 gnolls
  A howler monkey skeleton (D:7)
  4 adders
  3 white imps
  An ufetubus (D:7)
  3 worms
  2 dart slugs
  25 orcs
  12 endoplasms
  4 giant cockroaches
  7 goblins
  6 hobgoblins
  2 jackals (D:3)
  23 kobolds
  A quokka (D:4)
  2 ball pythons
  2 bats (D:1)
  4 frilled lizards
  3 rats
255 creatures vanquished.

Vanquished Creatures (collateral kills)
  2 two-headed ogres
  Sigmund (D:2)
  A yak (D:9)
  A bullfrog (D:7)
  A gnoll sergeant (Bailey)
  A hound (Bailey)
  4 jellies (D:7)
  2 gnolls
  2 endoplasms (D:7)
  A goblin (D:2)
16 creatures vanquished.

Vanquished Creatures (others)
  727 foxfires
  5 fungi (D:7)
732 creatures vanquished.

Grand Total: 1003 creatures vanquished

Notes
Turn   | Place    | Note
-------+----------+-------------------------------------------
     0 | D:1      | bearlyready the Djinni Fire Elementalist began the quest
                  | for the Orb.
     0 | D:1      | Reached XP level 1. HP: 15/15 MP: 0/0
   454 | D:1      | Reached XP level 2. HP: 9/21 MP: 0/0
  1459 | D:2      | Reached XP level 3. HP: 19/25 MP: 0/0
  1459 | D:2      | Learned a level 1 spell: Sting
  1543 | D:2      | Noticed Terence
  1544 | D:2      | Noticed Sigmund
  1968 | D:3      | Found an opulent altar of Gozag.
  1991 | D:3      | Found a stormy altar of Qazlal.
  2017 | D:3      | Reached XP level 4. HP: 5/31 MP: 0/0
  2470 | D:3      | Found a faded altar of an unknown god.
  2648 | D:3      | Reached XP level 5. HP: 33/35 MP: 0/0
  2648 | D:3      | Learned a level 2 spell: Call Imp
  2685 | D:3      | Found a glowing silver altar of Zin.
  3335 | D:4      | Noticed a black bear
  3343 | D:4      | Killed a black bear
  3344 | D:4      | Reached skill level 5 in Spellcasting
  3344 | D:4      | Reached XP level 6. HP: 34/40 MP: 0/0
  3751 | D:4      | Reached skill level 1 in Fighting
  3948 | D:5      | Entered Level 5 of the Dungeon
  4467 | D:5      | Reached XP level 7. HP: 43/49 MP: 0/0
  4467 | D:5      | Learned a level 2 spell: Poisonous Vapours
  4532 | D:5      | Found Setun's Antique Weapon Boutique.
  4846 | D:5      | Noticed Pikel
  4856 | D:5      | Killed Pikel
  4857 | D:5      | Reached XP level 8. HP: 23/58 MP: 0/0
  5233 | D:6      | Noticed Blork the orc
  5239 | D:6      | Killed Blork the orc
  5240 | D:6      | Reached skill level 1 in Shields
  5619 | D:6      | Found a staircase to the Ecumenical Temple.
  5635 | Temple   | Entered the Ecumenical Temple
  6137 | D:6      | Reached XP level 9. HP: 53/63 MP: 0/0
  6137 | D:6      | Learned a level 4 spell: Summon Ice Beast
  6205 | D:6      | Found a sparkling altar of Nemelex Xobeh.
  6206 | D:6      | Found a burning altar of Makhleb.
  6210 | D:6      | Became a worshipper of Makhleb the Destroyer
  6221 | D:6      | Found a snail-covered altar of Cheibriados.
  6460 | D:6      | Found a glowing golden altar of the Shining One.
  6461 | D:6      | Found a broken altar of Ashenzari.
  6874 | D:2      | Killed Terence
  7105 | D:2      | Killed Sigmund
  7106 | D:2      | Reached skill level 5 in Fighting
  7825 | D:7      | Identified the +12 war axe of the Warrior {vorpal, rPois
                  | rCorr Str-2 Int+4}
  7844 | D:7      | Reached skill level 5 in Shields
  8072 | D:7      | Reached * piety under Makhleb
  8272 | D:7      | Noticed an oklob plant
  8458 | D:7      | Noticed a two-headed ogre
  8474 | D:7      | Killed a two-headed ogre
  8475 | D:7      | Reached skill level 1 in Axes
  8475 | D:7      | Reached XP level 10. HP: 62/73 MP: 0/0
  8610 | D:8      | Found Puirupia's Jewellery Shop.
  8757 | D:8      | Reached ** piety under Makhleb
  8785 | D:8      | Noticed Prince Ribbit
  8806 | D:8      | Killed Prince Ribbit
  8892 | D:8      | Identified the +3 long sword "Bulevvil" {vorpal, Will+
                  | MP+9}
  9199 | D:8      | Found a shadowy altar of Dithmenos.
  9412 | D:9      | Noticed Maggie
  9434 | D:9      | Killed Maggie
  9559 | D:9      | Noticed a two-headed ogre
  9567 | D:9      | Killed a two-headed ogre
  9652 | D:9      | Found a sacrificial altar of Ru.
 10139 | D:9      | Reached XP level 11. HP: 46/80 MP: 0/0
 10139 | D:9      | Learned a level 5 spell: Irradiate
 10355 | D:9      | Noticed a two-headed ogre
 10372 | D:9      | Killed a two-headed ogre
 10521 | D:9      | Noticed Psyche
 10792 | D:9      | Found a staircase to the Lair.
 10926 | D:9      | Killed Psyche
 11045 | D:10     | Entered Level 10 of the Dungeon
 11352 | D:10     | Noticed a two-headed ogre
 11384 | D:10     | Killed a two-headed ogre
 11934 | D:10     | Reached *** piety under Makhleb
 12129 | D:10     | Found a staircase to the Orcish Mines.
 12140 | D:10     | Reached skill level 5 in Axes
 12400 | Orc:1    | Entered Level 1 of the Orcish Mines
 12735 | Orc:1    | Noticed an orc knight
 12860 | D:11     | Identified a scroll of acquirement
 12883 | D:11     | Found a flagged portal.
 12891 | Bailey   | Entered a bailey
 13629 | Bailey   | Reached **** piety under Makhleb
 13783 | Bailey   | Reached XP level 12. HP: 34/89 MP: 0/0
 14467 | D:11     | Noticed a two-headed ogre
 14479 | D:11     | Killed a two-headed ogre
 14672 | D:11     | Noticed Urug
 14679 | D:11     | Killed Urug
 14841 | D:11     | Acquired 563 gold pieces
 14883 | D:11     | Noticed a two-headed ogre
 14909 | D:11     | Killed a two-headed ogre
 15073 | D:11     | Noticed a two-headed ogre
 15084 | D:11     | Killed a two-headed ogre
 15354 | D:11     | Identified the +1 helmet of Xioq {rElec rPois Str-5}
 16118 | D:12     | Reached skill level 5 in Dodging
 16447 | D:12     | Slain by a white ugly thing

Illustrated notes

Levels and vault maps discovered:
D:1:      moated_graveyard_arrival, layout_basic
D:2:      layout_loops_ring, uniq_sigmund, uniq_terence
D:3:      layout_basic, mainiacjoe_overflow_tiny_flanked,
          overflow_temple_1_default, overflow_temple_1_default,
          hellmonk_ecumenical_altar_dog_temple, minivault_4
D:4:      layout_rooms, corexii_leaking_fountain, chequers_serial_rivers_micro_c
D:5:      layout_rooms, serial_shops, nicolae_shop_crystal,
          hangedman_abyss_or_decor_slice, uniq_pikel
D:6:      layout_loops_corners, minitemple, nicolae_overflow_crystal_walls,
          minmay_temple_entry_glass, uniq_blork_the_orc
D:7:      lemuel_slime, layout_rooms, serial_rivers,
          chequers_serial_rivers_large_b, chequers_serial_rivers_small_3,
          chequers_serial_rivers_small_3, chequers_serial_rivers_room_b,
          kennysheep_generic_room_4
D:8:      layout_basic, nicolae_dithmenos_through_a_glass_darkly, serial_shops,
          nicolae_stop_n_shop_1, dk_vineyard_1, uniq_prince_ribbit1
D:9:      layout_irregular_city, mainiacjoe_overflow_paths, dpeg_oklobed_lair,
          serial_column_ruins, column_ruins_hut, column_ruins_columns_straight,
          column_ruins_columns_corner, column_ruins_open_large,
          column_ruins_corridor_straight, uniq_maggie, uniq_psyche
D:10:     layout_rooms, david_orc_1_choice
D:11:     layout_loops_corners, enter_bailey_3, uniq_urug
D:12:     layout_stronghold, grunt_ministairs_2
Temple:   cyrus_temple_forest
Orc:1:    layout_caves, minmay_orc_temple_c

Skill      XL: |  1  2  3  4  5  6  7  8  9 10 11 12 |
---------------+-------------------------------------+-----
Spellcasting   | 3 4 5 6 8 9 |  9.8
Fighting       | 2 4 6 7 9 |  9.9
Shields        | 3 6 7 8 9 |  9.5
Axes           | 1 3 5 |  5.0
Dodging        | 5 |  5.1
Stealth        | |  1.5
Invocations    | |  0.5

Action                   |  1- 3 |  4- 6 |  7- 9 | 10-12 || total
-------------------------+-------+-------+-------+-------++-------
Melee: Unarmed           |     6 |       |       |       ||     6
       Short sword       |     6 |     9 |     8 |       ||    23
       Whip              |       |       |    60 |       ||    60
       War axe           |       |       |    23 |   107 ||   130
Throw: Throwing net      |       |       |       |     3 ||     3
 Cast: Foxfire           |    48 |   126 |   122 |   119 ||   415
       Sting             |       |       |     1 |       ||     1
       Scorch            |       |       |    10 |   145 ||   155
       Summon Ice Beast  |       |       |     5 |     9 ||    14
       Flame Wave        |       |       |     3 |     8 ||    11
       Poisonous Vapours |       |       |     2 |    18 ||    20
       Call Imp          |       |       |       |     3 ||     3
       Irradiate         |       |       |       |     6 ||     6
Evoke: Wand              |       |       |     1 |    11 ||    12
  Use: Scroll            |       |       |       |    14 ||    14
 Stab: Sleeping          |       |       |     2 |     4 ||     6
Armor: Robe              |     6 |     5 |    14 |    53 ||    78
Dodge: Dodged            |    16 |    31 |    47 |   114 ||   208
Block: Buckler           |       |       |    38 |   128 ||   166
       Reflection        |       |       |     2 |    10 ||    12
       Other             |       |       |     1 |       ||     1
       Kite shield       |       |       |       |    36 ||    36

Table legend: (Time is in decaauts)
 A = Elapsed time spent in this place.
 B = Non-inter-level travel time spent in this place.
 C = Inter-level travel time spent in this place.
 D = Time resting spent in this place.
 E = Time spent auto-exploring this place.
 F = Levels seen in this place.
 G = Mean time per level.
                   A        B        C        D        E       F      G
               +--------+--------+--------+--------+--------+-----+--------+
         Total |  16508 |  15777 |    731 |   1213 |  12123 |  15 | 1100.5 |
       Dungeon |  14907 |  14200 |    707 |   1213 |  10903 |  12 | 1242.2 |
        Temple |    176 |    152 |     24 |      0 |    144 |   1 |  176.0 |
  Orcish Mines |     76 |     76 |      0 |      0 |     24 |   1 |   76.0 |
        Bailey |   1348 |   1348 |      0 |      0 |   1052 |   1 | 1348.0 |
               +--------+--------+--------+--------+--------+-----+--------+

Top non-repeatable levels by time:
    D:10: 1735 daAuts
    D:11: 1724 daAuts
     D:1: 1634 daAuts
  Bailey: 1348 daAuts
     D:6: 1273 daAuts
     D:8: 1269 daAuts
     D:4: 1243 daAuts
     D:3: 1200 daAuts
     D:9: 1180 daAuts
     D:7: 1123 daAuts
     D:5: 1007 daAuts
     D:2: 976 daAuts
    D:12: 538 daAuts
  Temple: 176 daAuts
   Orc:1: 76 daAuts
